Map: Romanticide LE

Players

GOStephano (Stephano) - Winner!

  • Race: Zerg Zerg
  • League: Master

BratOK (Brat_OK)

  • Race: Terran Terran
  • League: Grandmaster

Event: DreamHack SC2 Masters 2021 Summer

VOD

Have the link to the VOD?

Description

Time

  • Played on: May 29, 2021, 10:30 a.m.
  • Length: 15:30

All games in this series

Show
View Real Time Build Order
Export as new Build Order

GOStephano Zerg - Winner!

Build Orders: Hatch First, Lurkers 

Get SALT Encoding   

  12  0:00  Drone  
  13  0:12  Overlord  
  13  0:17  Drone  
  14  0:30  Drone x2  
  16  0:47  Hatchery  
  15  0:50  Drone  
  15  0:53  Drone  
  17  0:57  Drone  
  18  1:07  Extractor  
  17  1:12  Spawning Pool  
  17  1:15  Drone  
  17  1:19  Drone  
  18  1:27  Drone  
  19  1:38  Drone  
  20  1:48  Drone  
  21  1:59  Queen x2  
  21  2:00  Zergling x4  
  27  2:09  Drone  
  27  2:10  Overlord  
  28  2:19  Hatchery  
  28  2:21  Drone  
  28  2:28  Drone  
  29  2:31  Drone  
  29  2:37  Drone, Queen  
  33  2:49  Metabolic Boost  
  33  2:50  Overlord  
  33  2:53  Drone x2  
  33  2:54  Drone  
  36  3:09  Drone  
  36  3:10  Drone  
  38  3:15  Drone x2, Queen  
  38  3:17  Drone  
  38  3:18  Drone  
  44  3:27  Overlord  
  44  3:31  Queen x2  
  44  3:32  Drone  
  49  3:38  Drone  
  50  3:45  Overlord  
  50  3:47  Drone  
  50  3:48  Drone x5  
  56  3:55  Overlord  
  56  3:59  Zergling x4  
  56  4:01  Overlord  
  58  4:10  Drone x4  
  58  4:12  Queen  
  58  4:13  Drone  
  65  4:19  Drone x2  
  67  4:28  Overlord  
  67  4:29  Overlord  
  67  4:31  Drone  
  67  4:32  Drone x2  
  67  4:33  Drone  
  67  4:34  Evolution Chamber  
  67  4:35  Evolution Chamber  
  69  4:42  Zergling x6  
  69  4:44  Drone x2  
  74  4:46  Spore Crawler x2  
  74  4:47  Drone x3  
  74  4:48  Spore Crawler  
  74  4:50  Drone  
  75  4:53  Queen  
  75  4:55  Drone x2  
  75  4:57  Drone  
  75  4:59  Extractor  
  79  5:01  Extractor, Zerg Ground Armor Level 1, Zerg Melee Weapons Level 1  
  79  5:04  Drone  
  78  5:09  Drone x2  
  78  5:12  Drone  
  81  5:14  Extractor  
  81  5:15  Extractor  
  79  5:23  Drone x6  
  79  5:25  Hatchery  
  79  5:27  Drone x2  
  86  5:29  Lair  
  86  5:31  Drone x5  
  91  5:38  Spore Crawler  
  89  5:49  Zergling x6  
  92  5:50  Overlord  
  92  5:53  Overlord  
  92  5:54  Drone x3  
  95  6:00  Extractor  
  94  6:06  Drone x3  
  94  6:07  Overlord  
  97  6:20  Drone  
  97  6:25  Drone x10  
  108  6:26  Overlord  
  108  6:30  Hydralisk Den, Infestation Pit  
  106  6:37  Zergling x10  
  106  6:38  Queen  
  113  6:46  Extractor  
  113  6:47  Overlord x5  
  112  6:48  Extractor  
  111  6:55  Hatchery  
  111  6:57  Zerg Ground Armor Level 2, Zerg Missile Weapons Level 1  
  111  6:58  Overlord  
  110  7:06  Hydralisk, Hive  
  110  7:07  Hydralisk x5, Muscular Augments  
  120  7:14  Spine Crawler  
  120  7:15  Spine Crawler  
  118  7:19  Zergling x22  
  129  7:24  Lurker Den  
  128  7:38  Hydralisk x2  
  128  7:39  Hydralisk x2  
  136  7:44  Hydralisk x2  
  136  7:45  Hydralisk x5  
  136  7:50  Overlord  
  144  8:07  Hydralisk x4  
  144  8:09  Drone x5  
  146  8:18  Grooved Spines  
  146  8:19  Drone x4  
  150  8:20  Drone x5  
  155  8:29  Extractor  
  155  8:32  Pneumatized Carapace, Viper x3  
  155  8:34  Seismic Spines  
  163  8:38  Hatchery  
  163  8:40  Drone x3  
  165  8:41  Drone x2  
  165  8:42  Drone x3, Extractor  
  169  8:52  Spine Crawler  
  169  8:53  Spine Crawler x2, Lurker x4  
  170  8:57  Overseer x2  
  170  9:03  Drone x3  
  170  9:04  Drone  
  170  9:06  Spore Crawler  
  170  9:07  Drone x7  
  170  9:08  Drone, Spine Crawler  
  180  9:17  Zerg Missile Weapons Level 2, Zerg Ground Armor Level 3  
  180  9:18  Overlord  
  180  9:22  Overseer  
  180  9:23  Overlord  
  180  9:24  Overlord x2  
  180  9:34  Overlord  
  173  10:00  Hydralisk x4  
  173  10:03  Hatchery  
  173  10:06  Drone  
  181  10:08  Hydralisk x3  
  187  10:14  Adaptive Talons  
  187  10:17  Unknown  
  187  10:18  Spine Crawler x3, Spire  
  187  10:20  Spire  
  178  10:42  Hydralisk x6  
  162  10:43  Hydralisk x5  
  162  10:45  Lurker x2, Viper x4  
  198  10:51  Overseer  
  198  10:55  Drone  
  198  10:56  Drone  
  200  10:57  Evolution Chamber  
  200  11:02  Evolution Chamber x3  
  193  11:05  Evolution Chamber x2  
  188  11:23  Overlord  
  188  11:24  Overseer  
  188  11:25  Overseer x2  
  188  11:29  Hatchery, Lurker x6  
  188  11:30  Lurker x3  
  196  11:37  Zerg Missile Weapons Level 3  
  196  11:39  Zerg Flyer Armor Level 1  
  196  11:42  Zerg Flyer Weapons Level 1  
  196  11:53  Hatchery  
  190  11:54  Zerg Melee Weapons Level 2  
  190  11:57  Drone  
  190  11:58  Drone  
  190  12:01  Zergling x2  
  190  12:02  Zergling x18  
  190  12:07  Spore Crawler  
  199  12:09  Spore Crawler  
  199  12:10  Spore Crawler  
  184  12:31  Viper x3  
  179  12:42  Zergling x6  
  172  12:54  Hydralisk x12  
  174  13:51  Hydralisk x17  
  174  13:52  Hydralisk x3  
  181  14:02  Hydralisk  
  181  14:03  Hydralisk x8  
  195  14:16  Zergling x30  
  186  14:31  Lurker x11  
  195  14:32  Zergling x8  
  195  14:35  Evolution Chamber x2  
  195  14:36  Evolution Chamber  
  196  14:52  Overseer, Overlord x2  
  196  14:53  Overseer  
  196  14:54  Drone x3  
Show
View Real Time Build Order
Export as new Build Order

BratOK Terran 

Build Orders: Reaper Expand, Hellion Banshee 

Get SALT Encoding   

  12  0:00  SCV  
  13  0:12  SCV  
  14  0:17  Supply Depot  
  14  0:24  SCV  
  15  0:38  SCV  
  15  0:40  Barracks  
  16  0:43  Refinery  
  16  0:50  SCV  
  17  1:03  SCV  
  18  1:15  SCV  
  19  1:27  Reaper, Orbital Command  
  20  1:38  Command Center  
  20  1:46  Supply Depot  
  20  1:53  SCV  
  21  1:59  Marine  
  22  2:05  SCV  
  23  2:09  Factory  
  23  2:17  SCV  
  23  2:22  Barracks Reactor  
  25  2:30  SCV  
  25  2:41  Command Center  
  25  2:42  SCV  
  26  2:53  Orbital Command  
  26  2:54  SCV  
  27  3:01  Starport  
  27  3:06  SCV  
  27  3:07  Hellion  
  27  3:08  Hellion  
  32  3:12  Refinery  
  32  3:18  SCV  
  33  3:23  SCV  
  34  3:30  SCV  
  34  3:31  Barracks Tech Lab  
  34  3:32  Hellion x2  
  39  3:35  SCV  
  39  3:42  SCV  
  39  3:47  SCV  
  41  3:53  Banshee, Hellion x2  
  41  3:54  SCV  
  49  3:58  Orbital Command  
  49  4:03  Cloaking Field  
  49  4:05  SCV  
  49  4:06  SCV  
  51  4:12  Supply Depot  
  51  4:17  SCV  
  51  4:18  Hellion x2  
  51  4:19  Marine  
  51  4:20  SCV  
  58  4:24  SCV  
  58  4:29  SCV  
  60  4:33  SCV  
  60  4:36  Banshee, SCV  
  65  4:39  Refinery  
  65  4:40  Refinery  
  65  4:42  SCV, Supply Depot  
  68  4:46  SCV, Hellion  
  68  4:50  Hellion  
  69  4:58  Factory  
  69  5:01  Factory  
  69  5:02  Supply Depot  
  69  5:03  SCV x2  
  69  5:04  SCV  
  72  5:08  Supply Depot  
  72  5:12  Orbital Command  
  70  5:14  Hellion x2  
  70  5:15  SCV  
  71  5:26  SCV  
  71  5:27  SCV, Armory x2  
  73  5:29  Supply Depot  
  73  5:36  Hellion  
  73  5:38  SCV x2  
  73  5:40  SCV  
  78  5:46  Factory Tech Lab x2  
  78  5:51  SCV x2  
  78  5:52  SCV  
  78  5:56  Supply Depot  
  78  5:57  Hellion  
  83  5:58  Hellion  
  83  6:03  SCV x2  
  87  6:10  Cyclone x2  
  87  6:11  SCV  
  87  6:15  SCV  
  87  6:16  SCV  
  87  6:18  Refinery x2, Terran Vehicle And Ship Armor Level 1, Terran Vehicle Weapons Level 1  
  90  6:22  Hellion, Factory  
  90  6:23  Hellion  
  94  6:27  SCV x2  
  94  6:28  SCV  
  97  6:39  SCV x2  
  99  6:43  SCV  
  99  6:44  Hellion  
  100  6:48  Engineering Bay  
  100  6:51  Supply Depot  
  100  6:52  Starport Reactor  
  100  6:53  SCV x2, Supply Depot  
  102  6:55  SCV, Factory  
  102  6:58  Cyclone  
  102  6:59  Cyclone  
  109  7:01  Infernal Pre-Igniter  
  109  7:02  Mag-Field Accelerator  
  109  7:08  Supply Depot  
  109  7:10  Supply Depot  
  109  7:12  SCV x2  
  109  7:13  Widow Mine x2  
  115  7:16  Cyclone  
  115  7:17  SCV  
  119  7:25  SCV x2  
  119  7:29  SCV, Supply Depot  
  122  7:30  Supply Depot  
  122  7:31  Widow Mine x2  
  122  7:36  Widow Mine  
  126  7:37  SCV  
  127  7:47  Command Center  
  127  7:48  Cyclone  
  127  7:50  Hellion  
  132  7:52  Cyclone  
  132  7:53  Supply Depot  
  132  7:54  Missile Turret  
  137  8:07  Hellion  
  137  8:08  Hellion  
  113  8:15  Hellion x2, Siege Tank  
  117  8:20  Siege Tank  
  117  8:21  Terran Vehicle And Ship Armor Level 2, Terran Vehicle Weapons Level 2, Sensor Tower  
  117  8:24  Hellion  
  117  8:25  SCV x2  
  124  8:29  Hellion x2  
  128  8:37  Hellion  
  128  8:40  Barracks  
  130  8:41  Barracks  
  130  8:43  Hellion  
  130  8:44  SCV x2  
  130  8:45  SCV, Siege Tank  
  130  8:47  Siege Tank  
  141  8:58  Hellion x2, Siege Tank  
  141  8:59  SCV x3  
  151  9:08  Hellion x2  
  155  9:14  Ghost Academy  
  155  9:16  Ghost Academy  
  155  9:18  Siege Tank  
  155  9:19  Hellion  
  155  9:20  Hellion, Planetary Fortress  
  162  9:26  Refinery  
  162  9:30  Refinery  
  162  9:32  Missile Turret x2  
  162  9:37  Command Center  
  160  9:49  Barracks Tech Lab x3  
  149  9:55  SCV x2  
  149  9:56  Missile Turret  
  149  9:57  Missile Turret  
  143  10:07  Command Center  
  143  10:10  Command Center  
  143  10:13  Ghost x3  
  145  10:16  Enhanced Shockwaves  
  149  10:23  Missile Turret  
  151  10:28  Siege Tank x3  
  152  10:37  Hellion  
  152  10:38  Hellion x2  
  152  10:49  Planetary Fortress  
  152  10:52  Missile Turret  
  152  10:53  Hellion  
  152  10:56  Refinery x2  
  154  10:58  Hellion  
  154  11:00  Hellion, Siege Tank x2  
  154  11:01  Siege Tank  
  167  11:08  Ghost x3  
  173  11:16  Missile Turret  
  173  11:22  Hellion  
  173  11:23  Hellion x3  
  173  11:24  Orbital Command  
  181  11:32  Siege Tank x2  
  184  11:33  Siege Tank  
  184  11:36  Ghost x2  
  184  11:37  Orbital Command  
  184  11:39  Missile Turret x2  
  194  11:42  Smart Servos  
  194  11:43  Ghost  
  194  11:55  Sensor Tower  
  188  12:04  Cyclone, Hellion x2  
  188  12:05  Ghost, Siege Tank  
  188  12:07  Terran Vehicle And Ship Armor Level 3, Terran Vehicle Weapons Level 3  
  198  12:19  Ghost x2  
  189  12:27  Cyclone, Viking  
  188  12:33  Ghost  
  188  12:37  Cyclone, Siege Tank  
  166  12:48  Ghost x2, Command Center  
  167  12:59  Siege Tank  
  167  13:04  Ghost  
  172  13:09  Personal Cloaking  
  170  13:15  Siege Tank  
  170  13:16  Ghost, Siege Tank  
  170  13:17  Ghost  
  180  13:33  Ghost  
  179  13:45  Ghost x2  
  179  13:46  Hellion x2, Siege Tank  
  130  14:01  Ghost, Siege Tank x2  
  130  14:02  Hellion  
  119  14:13  Ghost  
  119  14:14  Ghost  
  119  14:17  Hellion  
  119  14:18  Siege Tank  
  119  14:19  SCV x2  
  119  14:22  Hellion  
  124  14:30  Ghost  
  126  14:33  Hellion, Siege Tank x2  
  134  14:42  Ghost, Missile Turret  
  134  14:43  Missile Turret  
  134  14:44  Ghost  
  138  14:50  Missile Turret, Siege Tank  
  141  14:58  Ghost  
Tags
 
Add a new tag
Caveats
  • Supply blocks, unpowered buildings, or Contaminate may cause inaccurate times.
  • Supply counts are checked every 10 seconds.